 Dungeon Crawl Stone Soup version 0.27-a0-869-g165b36e3f0 (webtiles) character file.

Game seed: 394015672510184847

1557 srzhan31 the Thaumaturge (level 8, -1/50 HPs)
             Began as a Djinni Fire Elementalist on Apr 2, 2021.
             Was a Follower of Makhleb.
             Slain by Lobster4's ghost (7 damage)
             ... on level 5 of the Dungeon.
             The game lasted 00:12:26 (7894 turns).

srzhan31 the Thaumaturge (Djinni Fire Elementalist) Turns: 7894, Time: 00:12:27

Health: -1/50      AC:  3    Str:  7    XL:     8   Next: 88%
Gold:   257        EV: 13    Int: 20    God:    Makhleb [*.....] SH:  0 Dex: 13

rFire    + + .     SeeInvis .   k - +3 spear (freeze)
rCold    x . .     Faith    .   (no shield)
rNeg     + . .     Spirit   .   a - +0 robe
rPois    ∞         Reflect  .   s - +1 hat
rElec    .         Harm     .   (no cloak)
rCorr    .         Rampage  .   (no gloves)
Will     .....                  (boots unavailable)
Stlth    ++........             (no amulet)
HPRegen  0.16/turn              d - ring of positive energy
MPRegen  0.00/turn              (no ring)

@: flying
A: fire resistance 2, cold vulnerability 1, float, innate caster, hp casting,
extra vitality 1
a: Renounce Religion


You were on level 5 of the Dungeon.
You worshipped Makhleb.
Makhleb was aware of your devotion.
You visited 1 branch of the dungeon, and saw 5 of its levels.

You collected 257 gold pieces.

Inventory:

Hand Weapons
 k - a +3 spear of freezing (weapon)
Armour
 a - a +0 robe (worn)
 s - a +1 hat (worn)
Jewellery
 d - a ring of positive energy (left hand)
Wands
 l - a wand of paralysis (6)
 o - a wand of acid (11)
 p - a wand of mindburst (17)
Scrolls
 b - 7 scrolls of identify {unknown}
 e - 3 scrolls of amnesia {unknown}
 f - 3 scrolls of teleportation {unknown}
 j - a scroll of vulnerability {unknown}
 n - a scroll of enchant armour {unknown}
 r - 2 scrolls of holy word {unknown}
Potions
 c - a potion of heal wounds
 g - 2 potions of attraction {unknown}
 h - 2 potions of curing {unknown}
 i - 2 potions of mutation {unknown}
 m - a potion of brilliance {unknown}
 q - a potion of ambrosia {unknown}


   Skills:
 - Level 0.1 Fighting
 * Level 4.6 Dodging
 - Level 1.5 Stealth
 * Level 9.0 Spellcasting


You had 4 spell levels left.
You knew the following spells:

 Your Spells              Type           Power      Damage    Failure   Level
a - Foxfire               Conj/Fire      100%       2x1d9     1%          1
b - Conjure Flame         Conj/Fire      45%        6-21      1%          3
c - Inner Flame           Hex/Fire       45%        N/A       1%          3
d - Sticky Flame          Conj/Fire      45%        2d6       1%          4
e - Fireball              Conj/Fire      22%        3d10      5%          5
f - Magic Dart            Conj           100%       1d8       1%          1
g - Passwall              Tmut/Erth      37%        N/A       1%          2
h - Call Imp              Summ           45%        N/A       1%          2
Your spell library was empty.

Dungeon Overview and Level Annotations

Branches:
Dungeon (5/15)
 Temple: D:4-7

Altars:
Ashenzari
Makhleb
Nemelex Xobeh

Annotations:
D:5 Lobster4's ghost, novice GnWn


Innate Abilities, Weirdness & Mutations

You are immune to poison.
Your flesh is very heat resistant. (rF++)
You are vulnerable to cold. (rC-)
You float through the air rather than walking.
You learn spells naturally, not from books.
Your magical power is your life essence.
You have superior vitality. (+4 HP)


Message History

Casting: Fireball (quite dangerous; 5% risk of failure)
Confirm with . or Enter, or press ? or * to list all spells.
The spell is quite dangerous to cast (5% risk of failure)!
Continue anyway?
Aiming: Fireball (quite dangerous; 5% risk of failure)
Press: ? - help, Shift-Dir - straight line, f/p - Lobster4's ghost
Aim: Lobster4's ghost, wielding a weapon of freezing (heavily damaged)
The fireball explodes!
The fireball engulfs Lobster4's ghost!!
Lobster4's ghost is almost destroyed.
Casting: Fireball (quite dangerous; 5% risk of failure)
Confirm with . or Enter, or press ? or * to list all spells.
Aiming: Sticky Flame (dangerous; 1% risk of failure)
Press: ? - help, Shift-Dir - straight line, f/p - Lobster4's ghost
Aim: Lobster4's ghost, wielding a weapon of freezing (almost destroyed, 0% to evade)
The sticky flame hits Lobster4's ghost.
Lobster4's ghost is almost destroyed.
* * * LOW HITPOINT WARNING * * *
Lobster4's ghost says, "Ah, a second chance to prove myself in battle!"
Lobster4's ghost closely misses you.
Casting: Sticky Flame (dangerous; 1% risk of failure)
Confirm with . or Enter, or press ? or * to list all spells.
Aiming: Sticky Flame (dangerous; 1% risk of failure)
Press: ? - help, Shift-Dir - straight line, f/p - Lobster4's ghost
Aim: Lobster4's ghost, wielding a weapon of freezing (almost destroyed, 0% to evade)
The sticky flame hits Lobster4's ghost but does no damage.
Lobster4's ghost is almost destroyed.
* * * LOW HITPOINT WARNING * * *
Lobster4's ghost hits you.
* * * LOW HITPOINT WARNING * * *
Lobster4's ghost freezes you.
* * * LOW HITPOINT WARNING * * *
Casting: Sticky Flame (dangerous; 1% risk of failure)
Confirm with . or Enter, or press ? or * to list all spells.
Aiming: Sticky Flame (dangerous; 1% risk of failure)
Press: ? - help, Shift-Dir - straight line, f/p - Lobster4's ghost
Aim: Lobster4's ghost, wielding a weapon of freezing (almost destroyed, 0% to evade)
The sticky flame hits Lobster4's ghost but does no damage.
Lobster4's ghost is almost destroyed.
* * * LOW HITPOINT WARNING * * *
Lobster4's ghost hits you!
You die...

#.#...[$.(#.# #....#...
#.#.##.##.#.# ##'####..
#.#.##.##.#.# #.....#..
#.#.##.##.#.# #.....###
#.#.....$.#.# #.......[
#.#.......#.# #........
#.###''†###.# #.....[..
#.....W.....# #........
######@########........
#.................
##########........
#........ #........
#........ ####....#
#....# #....#


You could see Lobster4's ghost.

Vanquished Creatures
  Sigmund (D:2)
  2 black bears (D:5)
  A sky beast (D:5)
  An ice beast (D:5)
  A necrophage (D:5)
  An ogre (D:5)
  A centaur (D:5)
  A killer bee (D:5)
  3 hounds (D:5)
  A bullfrog zombie (D:5)
  3 orc priests (D:3)
  A centaur skeleton (D:4)
  A centaur zombie (D:5)
  A gnoll shaman (D:2)
  A jelly (D:5)
  Terence (D:2)
  2 iguanas (D:5)
  2 hound skeletons (D:4)
  9 adders
  10 gnolls
  A worm (D:2)
  5 dart slugs
  13 orcs
  8 endoplasms
  2 giant cockroaches
  10 goblins
  4 hobgoblins
  11 jackals
  5 quokkas
  7 ball pythons
  5 bats
  5 frilled lizards
  8 kobolds
  6 rats
134 creatures vanquished.

Vanquished Creatures (collateral kills)
  A goblin (D:4)
  A hobgoblin (D:4)
2 creatures vanquished.

Vanquished Creatures (others)
  602 foxfires
602 creatures vanquished.

Grand Total: 738 creatures vanquished

Notes
Turn   | Place    | Note
-------+----------+-------------------------------------------
     0 | D:1      | srzhan31 the Djinni Fire Elementalist began the quest for
                  | the Orb.
     0 | D:1      | Reached XP level 1. HP: 15/15 MP: 0/0
   209 | D:1      | Found a faded altar of an unknown god.
   292 | D:1      | Reached skill level 3 in Spellcasting
   467 | D:1      | Reached XP level 2. HP: 18/21 MP: 0/0
   921 | D:1      | Reached XP level 3. HP: 18/25 MP: 0/0
   921 | D:1      | Learned a level 1 spell: Magic Dart
  2180 | D:2      | Found a broken altar of Ashenzari.
  2252 | D:2      | Noticed Terence
  2261 | D:2      | Killed Terence
  2262 | D:2      | Reached skill level 4 in Spellcasting
  2262 | D:2      | Reached XP level 4. HP: 3/31 MP: 0/0
  2719 | D:2      | Reached XP level 5. HP: 23/35 MP: 0/0
  2719 | D:2      | Learned a level 2 spell: Passwall
  3394 | D:2      | Noticed Sigmund
  3429 | D:2      | Killed Sigmund
  3430 | D:2      | Reached skill level 5 in Spellcasting
  3430 | D:2      | Reached XP level 6. HP: 27/40 MP: 0/0
  3790 | D:3      | Reached skill level 6 in Spellcasting
  4370 | D:3      | Reached XP level 7. HP: 42/45 MP: 0/0
  4370 | D:3      | Learned a level 2 spell: Call Imp
  4950 | D:3      | Found a burning altar of Makhleb.
  4956 | D:3      | Became a worshipper of Makhleb the Destroyer
  5581 | D:4      | Found a sparkling altar of Nemelex Xobeh.
  5815 | D:4      | Identified the +10 flail "Foidwost" {venom, rPois}
  6567 | D:5      | Entered Level 5 of the Dungeon
  6687 | D:5      | Reached skill level 7 in Spellcasting
  6780 | D:5      | Reached XP level 8. HP: 32/50 MP: 0/0
  7137 | D:5      | Reached skill level 8 in Spellcasting
  7489 | D:5      | Reached * piety under Makhleb
  7593 | D:5      | Found a runed translucent gate.
  7593 | D:5      | Found a runed translucent gate.
  7593 | D:5      | Noticed Lobster4's ghost (novice GnWn)
  7594 | D:5      | Found a runed translucent gate.
  7891 | D:5      | Reached skill level 9 in Spellcasting
  7894 | D:5      | Slain by Lobster4's ghost

Illustrated notes

Levels and vault maps discovered:
D:1:      dpeg_arrival_circle_labyrinth_c, layout_loops_ring,
          basic_ecumenical_altar
D:2:      layout_rooms, basic_altar, minmay_ruptured, uniq_sigmund, uniq_terence
D:3:      layout_basic, old_standard_altar
D:4:      minmay_general_purpose_star, layout_basic, nemelex_spade_bored_becter
D:5:      layout_gridville, gammafunk_ghost_split

Skill      XL: |  1  2  3  4  5  6  7  8 |
---------------+-------------------------+-----
Spellcasting   | 3 4 5 6 7 9 |  9.0
Dodging        | 3 4 |  4.6
Fighting       | |  0.1
Stealth        | |  1.5

Action                   |  1- 3 |  4- 6 |  7- 9 || total
-------------------------+-------+-------+-------++-------
 Cast: Foxfire           |    94 |   121 |   153 ||   368
       Magic Dart        |       |    10 |     6 ||    16
       Call Imp          |       |       |     4 ||     4
       Sticky Flame      |       |       |     5 ||     5
       Fireball          |       |       |     5 ||     5
Armor: Robe              |     2 |     1 |     3 ||     6
Dodge: Dodged            |    17 |     7 |    20 ||    44

Table legend: (Time is in decaauts)
 A = Elapsed time spent in this place.
 B = Non-inter-level travel time spent in this place.
 C = Inter-level travel time spent in this place.
 D = Time resting spent in this place.
 E = Time spent auto-exploring this place.
 F = Levels seen in this place.
 G = Mean time per level.
                   A        B        C        D        E       F      G
               +--------+--------+--------+--------+--------+-----+--------+
         Total |   7891 |   7690 |    201 |      0 |   6948 |   5 | 1578.2 |
       Dungeon |   7891 |   7690 |    201 |      0 |   6948 |   5 | 1578.2 |
               +--------+--------+--------+--------+--------+-----+--------+

Top non-repeatable levels by time:
     D:1: 2180 daAuts
     D:3: 1549 daAuts
     D:2: 1472 daAuts
     D:4: 1363 daAuts
     D:5: 1326 daAuts
